 Dungeon Crawl Stone Soup version 0.28-a0-1234-g826d19b2e0 (webtiles) character file.

Game seed: 15197986535819195241

6206 dr0g0th the Carver (level 11, -6/83 HPs)
             Began as a Formicid Fighter on Dec 23, 2021.
             Was a Believer of Okawaru.
             Mangled by a yak (7 damage)
             ... on level 8 of the Dungeon.
             The game lasted 00:13:54 (8336 turns).

dr0g0th the Carver (Formicid Fighter)               Turns: 8336, Time: 00:13:55

Health: -6/83      AC: 13    Str: 23    XL:     11   Next: 14%
Magic:  0/11       EV:  6    Int: 19    God:    Okawaru [**....]
Gold:   307        SH:  9    Dex: 11    Spells: 10/10 levels left

rFire   . . .      SeeInvis +   k - +8 triple sword of Wexeid {holy, rC- Int+5 Dex+3}
rCold   x . .      Faith    .   t - +0 kite shield
rNeg    + . .      Spirit   +   y - +0 plate armour
rPois   .          Reflect  .   (helmet unavailable)
rElec   .          Harm     .   w - scarf {repulsion}
rCorr   .          Rampage  .   (no gloves)
Will    +....                   (no boots)
Stlth   ..........              m - amulet of guardian spirit
HPRegen 0.23/turn               r - +6 ring of intelligence
MPRegen 0.12/turn               s - ring of positive energy

@: repel missiles
A: permanent stasis, dig shafts and tunnels, antennae 3, four strong arms, beak,
clumsy 1, weak 1
a: Dig, Shaft Self, Renounce Religion, Heroism


You were on level 8 of the Dungeon.
You worshipped Okawaru.
Okawaru was pleased with you.
You visited 2 branches of the dungeon, and saw 10 of its levels.
You also visited: Ossuary.

You collected 307 gold pieces.

Inventory:

Hand Weapons
 k - the +8 triple sword of Wexeid (weapon) {holy, rC- Int+5 Dex+3}
   (You acquired it on level 4 of the Dungeon)

   It has been blessed by the Shining One to cause great damage to the undead
   and demons.
   Int:       It affects your intelligence (+5).
   Dex:       It affects your dexterity (+3).
   rC:        It makes you vulnerable to cold.
Armour
 t - a +0 kite shield (worn)
 w - a scarf of repulsion (worn)
 y - a +0 plate armour (worn)
Jewellery
 b - a ring of positive energy
 c - a ring of willpower
 m - an amulet of guardian spirit (around neck)
 r - a +6 ring of intelligence (left hand)
 s - a ring of positive energy (right hand)
Wands
 f - a wand of paralysis (7)
 o - a wand of flame (21)
Scrolls
 a - 2 scrolls of enchant weapon
 e - a scroll of blinking {unknown}
 n - 3 scrolls of amnesia
 q - 4 scrolls of fear
 x - a scroll of brand weapon {unknown}
Potions
 d - a potion of might
 g - 2 potions of resistance
 h - a potion of heal wounds
 i - 2 potions of lignification {unknown}
 l - a potion of magic
 p - 4 potions of mutation
 v - a potion of invisibility {unknown}


   Skills:
 + Level 6.8 Fighting
 * Level 13.3 Long Blades
 + Level 7.5 Armour
 + Level 1.7 Dodging
 + Level 1.5 Stealth
 + Level 5.2 Shields


You had 10 spell levels left.
You didn't know any spells.
Your spell library contained the following spells:

 Spells                   Type           Power      Damage    Failure   Level
 Sublimation of Blood     Necr           0%         N/A       100%        2
 Wereblood                Tmut           0%         N/A       100%        2
 Dazzling Flash           Conj/Hex       0%         N/A       100%        3
 Agony                    Necr           0%         N/A       100%        5
 Blade Hands              Tmut           0%         N/A       100%        5
 Iskenderun's Battlesphe  Conj           0%         2d6       100%        5
 Silence                  Hex/Air        0%         N/A       100%        5
 Iron Shot                Conj/Erth      0%         9d1       100%        6
 Animate Armour           Summ/Erth      Unusable   N/A       N/A         4
 Spellforged Servitor     Conj/Summ      Unusable   N/A       N/A         7
 Summon Hydra             Summ           Unusable   N/A       N/A         7

Dungeon Overview and Level Annotations

Branches:
Dungeon (9/15)             Temple (1/1) D:6         Ossuary (visited)
   Lair: D:8-11         Orc: D:9-12

Altars:
Hepliaklqana
Nemelex Xobeh
Okawaru
Uskayaw
Vehumet
Xom
Yredelemnul

Shops:
D:5 (

Annotations:
D:8 Gastronok


Innate Abilities, Weirdness & Mutations

You cannot be hasted, slowed, berserked, paralysed or teleported.
You can dig through walls and to a lower floor.
You have a pair of large antennae on your head. (SInv)
Your four strong arms can wield two-handed weapons with a shield.
You have a beak for a mouth.
You are clumsy. (Dex -2)
You are weak. (Str -2)


Message History

The yak gores you! The yak gores you. x2
* * * LOW HITPOINT WARNING * * *
You climb upwards.
There is a stone staircase leading down here.
As you read the scroll of fear, it crumbles to dust.
You assume a fearsome visage.
The yak looks frightened! x3
Gastronok looks frightened!
You completely miss Gastronok.
Your attack snaps Gastronok out of his fear.
You peck Gastronok.
Gastronok is lightly wounded.
Gastronok bites you!!
* * * LOW HITPOINT WARNING * * *
Unknown command.
You feel much better.
Cornered, the yak turns to fight!
Gastronok casts a spell.
You feel much better. The bat barely misses you. The yak gores you!
You feel much better. The bat hits you but does no damage.
Gastronok bites you!! The yak gores you!
You slice Gastronok!! You peck Gastronok.
Gastronok is lightly wounded.
The bat barely misses you. You block the yak's attack.
You slice Gastronok!! You peck Gastronok.
Gastronok is moderately wounded.
You block the bat's attack. The yak gores you but does no damage.
Gastronok waves his eye-stalks in wide circles.
The air twists around and strikes you!!
* * * LOW HITPOINT WARNING * * *
You slash Gastronok! You peck Gastronok.
Gastronok is heavily wounded.
You block the bat's attack. The yak gores you but does no damage.
You open Gastronok like a pillowcase!!!
Gastronok is severely wounded.
You block the bat's attack. The yak gores you!
* * * LOW HITPOINT WARNING * * *
Gastronok waves his eye-stalks in wide circles.
The air twists around and strikes you!
* * * LOW HITPOINT WARNING * * *
The yak gores you!
You die...

#.......####.......#.....#......
##..##....#........##.)....##...
#...###..........####..........
#..## ###.........#............
##.# #........#..#......###. ###
###.........#....#..###
#....b..###....##.#..
#.......###.......##.
##.w@>#.........##...
###.Y#.........#....
####....#.........
#....##.........
##..###......... ##..##.........
#...##......... #...###.##...##
#...# ###....##


You could see Gastronok, a yak and a bat (summoned).

Vanquished Creatures
  Harold (D:8)
  Pikel (D:5)
  An unseen horror (D:8)
  A kobold demonologist (D:8)
  6 yaks
  2 wyverns (D:8)
  Eustachio (D:4)
  A steam dragon (D:4)
  Menkaure (D:7)
  An ice beast (D:7)
  A sky beast (D:6)
  An ogre (D:6)
  2 necrophages
  4 centaurs
  6 kobold brigands (D:8)
  4 bullfrogs
  2 scorpions
  7 wights
  3 howler monkeys (D:7)
  3 jellies
  A centaur skeleton (D:7)
  5 centaur zombies
  An orc priest (D:7)
  A bullfrog zombie (D:6)
  2 human zombies (Ossuary)
  Ijyb (D:3)
  Natasha (thrice) (D:2)
  An iguana (D:7)
  An orc wizard (D:8)
  2 hound zombies (D:5)
  2 mummies (Ossuary)
  2 hound skeletons (D:4)
  Robin (D:3)
  A howler monkey skeleton (D:6)
  4 adders
  4 gnolls
  3 worms
  3 dart slugs
  7 orcs
  3 ball pythons
  7 endoplasms
  4 giant cockroaches
  13 goblins
  6 hobgoblins
  6 jackals
  2 quokkas
  2 bats
  A frilled lizard (D:3)
  2 goblin zombies (Ossuary)
  9 hobgoblin zombies (Ossuary)
  A jackal zombie (Ossuary)
  7 kobolds
  8 kobold zombies (Ossuary)
  9 orc zombies (Ossuary)
  4 rats
  3 rat zombies (Ossuary)
181 creatures vanquished.

Vanquished Creatures (collateral kills)
  A goblin (D:3)
  2 hobgoblins (D:3)
3 creatures vanquished.

Grand Total: 184 creatures vanquished

Notes
Turn   | Place    | Note
-------+----------+-------------------------------------------
     0 | D:1      | dr0g0th the Formicid Fighter began the quest for the Orb.
     0 | D:1      | Reached XP level 1. HP: 18/18 MP: 1/1
    69 | D:1      | Reached XP level 2. HP: 12/24 MP: 2/2
   395 | D:1      | Reached XP level 3. HP: 25/30 MP: 3/3
  1109 | D:2      | Noticed a scorpion
  1118 | D:2      | Killed a scorpion
  1119 | D:2      | Reached XP level 4. HP: 26/37 MP: 4/4
  1501 | D:2      | Reached XP level 5. HP: 36/42 MP: 5/5
  1565 | D:2      | Found a shimmering altar of Xom.
  1718 | D:2      | Reached skill level 3 in Long Blades
  1913 | D:2      | Noticed Natasha
  1919 | D:2      | Killed Natasha
  2011 | D:2      | Noticed Natasha
  2019 | D:2      | Killed Natasha
  2087 | D:2      | Noticed Natasha
  2100 | D:2      | Killed Natasha
  2101 | D:2      | Reached XP level 6. HP: 41/48 MP: 6/6
  2420 | D:3      | Reached skill level 4 in Long Blades
  2556 | D:3      | Gained mutation: You are clumsy. (Dex -2) [potion of
                  | mutation]
  2556 | D:3      | Gained mutation: You are weak. (Str -2) [potion of
                  | mutation]
  2556 | D:3      | Gained mutation: You have a beak for a mouth. [potion of
                  | mutation]
  2559 | D:3      | Noticed Robin
  2599 | D:3      | Killed Robin
  3041 | D:3      | Found a faded altar of an unknown god.
  3096 | D:3      | Noticed Ijyb
  3111 | D:3      | Killed Ijyb
  3112 | D:3      | Reached skill level 1 in Dodging
  3403 | D:4      | Found a sand-covered staircase.
  3408 | Ossuary  | Entered an ossuary
  3538 | Ossuary  | Reached XP level 7. HP: 50/55 MP: 7/7
  3543 | Ossuary  | Reached skill level 5 in Long Blades
  3808 | D:4      | Identified a scroll of acquirement
  3808 | D:4      | Acquired the +8 triple sword of Wexeid {holy, rC- Int+5
                  | Dex+3}
  3899 | D:4      | Noticed Eustachio
  3905 | D:4      | Killed Eustachio
  3906 | D:4      | Reached skill level 6 in Long Blades
  3906 | D:4      | Reached XP level 8. HP: 44/61 MP: 8/8
  4013 | D:4      | Identified the +1 robe of Wassuzxe {Drain rElec Dex+4}
  4030 | D:4      | Reached skill level 5 in Armour
  4173 | D:5      | Entered Level 5 of the Dungeon
  4173 | D:5      | Found Toederuesk's Weapon Shop.
  4177 | D:5      | Reached skill level 7 in Long Blades
  4202 | D:5      | Noticed Pikel
  4210 | D:5      | Killed Pikel
  4211 | D:5      | Reached skill level 5 in Fighting
  4211 | D:5      | Reached skill level 8 in Long Blades
  4211 | D:5      | Reached XP level 9. HP: 47/68 MP: 5/9
  4438 | D:5      | Reached skill level 9 in Long Blades
  4443 | D:5      | Reached skill level 1 in Stealth
  4447 | D:5      | Reached skill level 10 in Long Blades
  5205 | D:6      | Found a staircase to the Ecumenical Temple.
  5218 | Temple   | Entered the Ecumenical Temple
  5295 | Temple   | Became a worshipper of Warmaster Okawaru
  5443 | D:6      | Reached * piety under Okawaru
  5444 | D:6      | Reached skill level 11 in Long Blades
  5444 | D:6      | Reached skill level 5 in Shields
  5444 | D:6      | Reached XP level 10. HP: 66/76 MP: 10/10
  5522 | D:6      | Found a basalt altar of Yredelemnul.
  5965 | D:7      | Noticed Menkaure
  5971 | D:7      | Killed Menkaure
  7016 | D:8      | Identified the +5 dagger "Paipsuoj" {flame, rCorr Dex+4}
  7029 | D:8      | Reached skill level 12 in Long Blades
  7354 | D:8      | Noticed a kobold demonologist
  7364 | D:8      | Killed a kobold demonologist
  7382 | D:8      | Reached ** piety under Okawaru
  7877 | D:8      | Noticed an unseen horror
  7881 | D:8      | Killed an unseen horror
  7882 | D:8      | Reached XP level 11. HP: 83/83 MP: 11/11
  7905 | D:8      | Noticed Harold
  7913 | D:8      | Killed Harold
  7914 | D:8      | Reached skill level 13 in Long Blades
  8320 | D:9      | Noticed Gastronok
  8329 | D:8      | HP: 3/83 [Gastronok (19)]
  8336 | D:8      | HP: 1/83 [Gastronok/the air (11)]
  8336 | D:8      | Mangled by a yak

Illustrated notes

Levels and vault maps discovered:
D:1:      lightli_arrival_flooded_house, layout_loops_ring, nrook_uturn,
          st_stairs_9
D:2:      layout_loops_cross, basic_altar, minmay_misc_feat_diagonals,
          uniq_natasha
D:3:      layout_rooms, ebering_ecumenical_altar_hall, uniq_ijyb, uniq_robin
D:4:      layout_cave_pools, enter_ossuary_5, uniq_eustachio
D:5:      layout_basic, serial_glass, glass_columns_a, glass_columns_a,
          glass_columns_a, serial_shops, nicolae_stop_n_shop_1, uniq_pikel
D:6:      layout_cave_pools, yredelemnul_altar_generic, minmay_temple_entry_tees
D:7:      layout_basic, uniq_menkaure
D:8:      minmay_distorted_concentric_squares, layout_cave_pools, uniq_harold
D:9:      layout_cross, uniq_gastronok, uniq_grum
Temple:   roderic_octagonal_lattice_temple

Skill      XL: |  1  2  3  4  5  6  7  8  9 10 11 |
---------------+----------------------------------+-----
Armour         | 4 5 6 7 |  7.5
Shields        | 4 5 |  5.2
Long Blades    | 3 4 6 8 11 12 13 | 13.3
Fighting       | 4 5 6 |  6.8
Dodging        | 1 |  1.7
Stealth        | 1 |  1.5

Action                   |  1- 3 |  4- 6 |  7- 9 | 10-12 || total
-------------------------+-------+-------+-------+-------++-------
Melee: Long sword        |    63 |   213 |    44 |       ||   320
       Peck              |       |    17 |    20 |    18 ||    55
       Triple sword      |       |       |    81 |   108 ||   189
  Use: Scroll            |       |     7 |     3 |     6 ||    16
       Potion            |       |     3 |     1 |     4 ||     8
Armor: Scale mail        |    34 |    73 |       |       ||   107
       Chain mail        |       |    34 |    97 |    73 ||   204
       Plate armour      |       |       |       |     5 ||     5
Dodge: Dodged            |    29 |   100 |    65 |    57 ||   251
Block: Buckler           |    12 |    52 |    34 |    35 ||   133
       Kite shield       |       |       |       |    19 ||    19

Table legend: (Time is in decaauts)
 A = Elapsed time spent in this place.
 B = Non-inter-level travel time spent in this place.
 C = Inter-level travel time spent in this place.
 D = Time resting spent in this place.
 E = Time spent auto-exploring this place.
 F = Levels seen in this place.
 G = Mean time per level.
                   A        B        C        D        E       F      G
               +--------+--------+--------+--------+--------+-----+--------+
         Total |   8455 |   8156 |    299 |   1585 |   5196 |  11 |  768.6 |
       Dungeon |   8031 |   7771 |    260 |   1529 |   5064 |   9 |  892.3 |
        Temple |     93 |     54 |     39 |      0 |     49 |   1 |   93.0 |
       Ossuary |    330 |    330 |      0 |     56 |     83 |   1 |  330.0 |
               +--------+--------+--------+--------+--------+-----+--------+

Top non-repeatable levels by time:
     D:8: 1360 daAuts
     D:2: 1288 daAuts
     D:7: 1174 daAuts
     D:1: 1050 daAuts
     D:3: 1005 daAuts
     D:5: 994 daAuts
     D:4: 577 daAuts
     D:6: 572 daAuts
 Ossuary: 330 daAuts
  Temple: 93 daAuts
     D:9: 6 daAuts
